 Dungeon Crawl Stone Soup version 0.18-a0-917-g8a3da5b (webtiles) character file.

67 Duffy the Conjurer (level 4, 24/24 HPs)
             Began as a Deep Elf Conjurer on Dec 26, 2015.
             Quit the game on level 2 of the Dungeon.
             The game lasted 00:01:22 (1580 turns).

Duffy the Conjurer (Deep Elf Conjurer)              Turns: 1580, Time: 00:01:22

Health: 24/24      AC:  2    Str:  5      XL:     4   Next: 0%
Magic:  9/12       EV: 12    Int: 21      God:
Gold:   44         SH:  0    Dex: 13 (15) Spells: 2 memorised, 9 levels left

rFire  . . .     SeeInvis .     (no weapon)
rCold  . . .     Gourm    .     a - +0 robe
rNeg   . . .     Faith    .     (no shield)
rPois  .         Spirit   .     (no helmet)
rElec  .         Dismiss  .     (no cloak)
rCorr  .         Reflect  .     (no gloves)
SustAt .         Harm     .     (no boots)
MR     .....                    (no amulet)
Stlth  ++........               (no ring)
                                (no ring)

@: not resistant to hostile enchantments, unstealthy
A: no striking features
a: no special abilities


You were on level 2 of the Dungeon.
You were hungry.

You visited 1 branch of the dungeon, and saw 2 of its levels.

You collected 44 gold pieces.


   Skills:
 - Level 2.4 Dodging
 - Level 2.4 Stealth
 + Level 4.7 Spellcasting
 + Level 5.2 Conjurations


You had 9 spell levels left.
You knew the following spells:

 Your Spells              Type           Power        Failure   Level  Hunger
a - Magic Dart            Conj           ####         1%          1    None
s - Searing Ray           Conj           ####..       1%          2    #......

Inventory:

Armour
 a - a +0 robe (worn)
Scrolls
 f - 2 scrolls of enchant weapon {unknown}
 g - 2 scrolls of teleportation {unknown}
 h - a scroll of immolation {unknown}
 j - 2 scrolls of remove curse {unknown}
Potions
 e - a potion of curing {unknown}
 i - a potion of brilliance {unknown}
Books
 b - a book of Conjurations
Comestibles
 c - 2 bread rations
 d - 2 meat rations

Dungeon Overview and Level Annotations

Branches:
Dungeon (2/15)

Altars:


Message History

Cast which spell? (? or * to list)
You can't see any susceptible monsters within range! (Use Z to cast anyway.)
f - 2 scrolls labeled YNU YPTOHO (gained 1)
You open the door.
There is an open door here.
You open the door.
Found a helmet.
There is an open door here.
Cast which spell? (? or * to list)
You can't see any susceptible monsters within range! (Use Z to cast anyway.)
You open the door.
There is an open door here.
Found a leather armour.
Cast which spell? (? or * to list)
You can't see any susceptible monsters within range! (Use Z to cast anyway.)
Found a stone staircase leading down.
Cast which spell? (? or * to list)
You can't see any susceptible monsters within range! (Use Z to cast anyway.)
A quokka comes into view.
Cast which spell? (? or * to list)
Aiming: Magic Dart
Press: ? - help, Shift-Dir - straight line, f - quokka
Aim: a quokka (resting)
The magic dart hits the quokka.
The quokka is heavily wounded.
A quokka is nearby!
Cast which spell? (? or * to list)
Aiming: Magic Dart
Press: ? - help, Shift-Dir - straight line, f/p - quokka
Aim: a quokka (heavily wounded)
The magic dart hits the quokka.
You kill the quokka!
You have reached level 4!
You feel clever.
Are you sure you want to abandon this character and quit the game? (Confirm with "yes".)

# .. ... #############
.... ###.....[.....#
.....
##.........###.###......
................@...>...
##.#####.#.###.###......
#.#.....#.###.# .....
#.......#.....# ....
###)###.####### ...
###.###.##### #+
#<#.).......#
#.#.........#
#.#.........#


There were no monsters in sight!

Action                   |  1- 3 |  4- 6 || total
-------------------------+-------+-------++-------
 Cast: Magic Dart        |    74 |     1 ||    75
  Use: Potion            |     3 |       ||     3
  Eat: Chunk             |     1 |       ||     1

Notes
Turn   | Place    | Note
--------------------------------------------------------------
     0 | D:1      | Duffy the Deep Elf Conjurer began the quest for the Orb.
     0 | D:1      | Reached XP level 1. HP: 10/10 MP: 6/6
   228 | D:1      | Reached XP level 2. HP: 15/15 MP: 3/8
   386 | D:1      | Learned a level 2 spell: Searing Ray
   838 | D:1      | Reached skill level 5 in Conjurations
   975 | D:1      | Reached skill level 4 in Spellcasting
   975 | D:1      | Reached XP level 3. HP: 19/19 MP: 6/10
  1579 | D:2      | Reached XP level 4. HP: 24/24 MP: 9/12
  1580 | D:2      | Quit the game

Vault maps used:
D:1:      tarquinn_simple_flora_water_a, roderic_serpentine_path

Vanquished Creatures
  3 adders
  An ooze
  2 giant geckos
  A giant cockroach
  5 goblins
  4 hobgoblins
  A quokka
  A ball python
  3 bats
  A giant newt
  3 kobolds
  9 rats
34 creatures vanquished.
